MLB
PHILADELPHIA PHILLIES @ ARIZONA DIAMONDBACKS
06/09/2046
 
TOP OF THE 1ST
Philadelphia Phillies batting - Pitching for Arizona Diamondbacks : RHP Miguel Martinez
Pitching: RHP Miguel Martinez
Batting: SHB Billy Encinias 0-0: SINGLE (Flyball, 34D, EV 82.5 MPH)
Batting: RHB Josh Hensley 0-0: Foul Ball, location: 2F
0-1: Grounds into double play, 5-4-3 (Groundball, 5L, EV 86.9 MPH)
Batting: LHB Jeff Luvisi 0-0: Ball
1-0: Called Strike
1-1: Ball
2-1: Ball
3-1: Called Strike
3-2: Foul Ball, location: 2F
3-2: SINGLE (Groundball, 56S, EV 73.1 MPH) (infield hit)
Batting: LHB Osamu Kubo 0-0: Called Strike
0-1: Ball
1-1: Ball
2-1: Swinging Strike
2-2: Foul Ball, location: 2F
2-2: SINGLE (Line Drive, 9LS, EV 100.0 MPH)
Jeff Luvisi to second
Runner from 2nd tries for 3rd, SAFE, throw by RF made to third
Batting: LHB Eric Katz 0-0: Ball
1-0: SINGLE (Groundball, 13S, EV 69.4 MPH) (infield hit)
Jeff Luvisi scores
Osamu Kubo to second
Batting: LHB Xavier Pittman 0-0: Foul Ball, location: 2F
0-1: Foul Ball, location: 2F
0-2: Ball
1-2: Ball
2-2: Ball
3-2: Base on Balls
Osamu Kubo to third
Eric Katz to second
Batting: RHB Melchor Sovrivilla 0-0: Swinging Strike
0-1: Foul Ball, location: 2F
0-2: Ball
1-2: Strikes out looking
Top of the 1st over - 1 run, 4 hits, 0 errors, 3 left on base; Philadelphia 1 - Arizona 0
BOTTOM OF THE 1ST
Arizona Diamondbacks batting - Pitching for Philadelphia Phillies : RHP Matt Evans
Pitching: RHP Matt Evans
Batting: LHB Roy Steigerwald 0-0: Ball
1-0: Called Strike
1-1: Fly out, F9 (Flyball, 9D, EV 105.6 MPH)
Batting: RHB Katilimomi Kelekolio 0-0: Called Strike
0-1: Ball
1-1: Ball
2-1: Foul Ball, location: 2F
2-2: Strikes out swinging
Batting: LHB Eric Klasek 0-0: Ball
1-0: Swinging Strike
1-1: Ball
2-1: Ball
3-1: Base on Balls
Batting: SHB Alec Thorpe 0-0: Ball
1-0: SINGLE (Groundball, 34, EV 105.6 MPH) (infield hit)
Eric Klasek to second
Batting: RHB Andy Swaim 0-0: Called Strike
0-1: Foul Ball, location: 2F
0-2: Ground out 2-3 (Groundball, 13S, EV 69.4 MPH)
Bottom of the 1st over - 0 runs, 1 hit, 0 errors, 2 left on base; Philadelphia 1 - Arizona 0
TOP OF THE 2ND
Philadelphia Phillies batting - Pitching for Arizona Diamondbacks : RHP Miguel Martinez
Batting: LHB Nick Canizales 0-0: Ball
1-0: Ball
2-0: Ball
3-0: Called Strike
3-1: Base on Balls
Batting: LHB Jim Beaver 0-0: Called Strike
0-1: Swinging Strike
0-2: Strikes out swinging
Batting: SHB Billy Encinias 0-0: SINGLE (Groundball, 34, EV 103.1 MPH) (infield hit)
Nick Canizales to second
Batting: RHB Josh Hensley 0-0: Swinging Strike
0-1: Ball
1-1: Ball
2-1: Foul Ball, location: 2F
2-2: Ball
3-2: SINGLE (Line Drive, 78S, EV 87.5 MPH)
Nick Canizales to third
Billy Encinias to second
Runner from 3rd tries for Home, SAFE, throw by LF to trailing runner, OUT at third! 7-3-5
Batting: LHB Jeff Luvisi 0-0: Ball
1-0: Swinging Strike
1-1: Swinging Strike
1-2: Foul Ball, location: 2F
1-2: DOUBLE (Line Drive, 78XD, EV 108.8 MPH)
Josh Hensley to third
Runner from 3rd tries for Home, SAFE, no throw by CF
Batting: LHB Osamu Kubo 0-0: Ball
1-0: Ground out 3-1 (Groundball, 34, EV 81.2 MPH)
Top of the 2nd over - 2 runs, 3 hits, 0 errors, 1 left on base; Philadelphia 3 - Arizona 0
BOTTOM OF THE 2ND
Arizona Diamondbacks batting - Pitching for Philadelphia Phillies : RHP Matt Evans
Batting: SHB Salvador Aragon 0-0: Called Strike
0-1: Ball
1-1: SINGLE (Line Drive, 78S, EV 105.0 MPH)
Batting: SHB Andrew Wray II 0-0: Called Strike
0-1: Swinging Strike
0-2: Ball
1-2: Foul Ball, location: 2F
1-2: Strikes out swinging
Batting: RHB Steve Bartman Jr. 0-0: Ball
1-0: Fly out, F6 (Line Drive, 6M, EV 66.9 MPH)
Batting: SHB Warren Eisner 0-0: Ball
1-0: Called Strike
1-1: Ball
2-1: Ball
3-1: Swinging Strike
3-2: Strikes out swinging
Bottom of the 2nd over - 0 runs, 1 hit, 0 errors, 1 left on base; Philadelphia 3 - Arizona 0
TOP OF THE 3RD
Philadelphia Phillies batting - Pitching for Arizona Diamondbacks : RHP Miguel Martinez
Batting: LHB Eric Katz 0-0: Ball
1-0: Ball
2-0: Fly out, F5 (Popup, 5S, EV 91.2 MPH)
Batting: LHB Xavier Pittman 0-0: Ball
1-0: Foul Ball, location: 2F
1-1: Fly out, F9 (Flyball, 9, EV 95.6 MPH)
Batting: RHB Melchor Sovrivilla 0-0: Ball
1-0: Ball
2-0: Ground out U3 (Groundball, 3S, EV 82.5 MPH)
Top of the 3rd over - 0 runs, 0 hits, 0 errors, 0 left on base; Philadelphia 3 - Arizona 0
BOTTOM OF THE 3RD
Arizona Diamondbacks batting - Pitching for Philadelphia Phillies : RHP Matt Evans
Batting: LHB Roy Steigerwald 0-0: Ball
1-0: Swinging Strike
1-1: Hit by Pitch
Batting: RHB Katilimomi Kelekolio 0-0: Foul Ball, location: 2F
0-1: Ball
1-1: Foul Ball, location: 2F
1-2: Ball
2-2: Ball
3-2: Ground out 4-3 (Groundball, 4, EV 86.9 MPH)
Roy Steigerwald to second
Batting: LHB Eric Klasek 0-0: Called Strike
0-1: 2-RUN HOME RUN (Line Drive, 8RXD, EV 116.9 MPH), Distance : 464 ft
Batting: SHB Alec Thorpe 0-0: Ball
1-0: Ball
2-0: Ball
3-0: Called Strike
3-1: Ground out 4-3 (Groundball, 4, EV 85.0 MPH)
Batting: RHB Andy Swaim 0-0: Swinging Strike
0-1: Ground out 6-3 (Groundball, 6M, EV 83.8 MPH)
Bottom of the 3rd over - 2 runs, 1 hit, 0 errors, 0 left on base; Philadelphia 3 - Arizona 2
TOP OF THE 4TH
Philadelphia Phillies batting - Pitching for Arizona Diamondbacks : RHP Miguel Martinez
Batting: LHB Nick Canizales 0-0: Called Strike
0-1: Ball
1-1: Ball
2-1: Ball
3-1: Base on Balls
Batting: LHB Jim Beaver 0-0: Ball
1-0: Ball
2-0: Foul Ball, location: 2F
2-1: Swinging Strike
2-2: Strikes out swinging
Batting: SHB Billy Encinias 0-0: Ball
1-0: SINGLE (Groundball, 6M, EV 88.1 MPH) (infield hit)
Nick Canizales to second
Batting: RHB Josh Hensley 0-0: Ball
1-0: Swinging Strike
1-1: Foul Ball, location: 2F
1-2: Foul Ball, location: 2F
1-2: Grounds into double play, 4-6-3 (Groundball, 34, EV 88.8 MPH)
Top of the 4th over - 0 runs, 1 hit, 0 errors, 1 left on base; Philadelphia 3 - Arizona 2
BOTTOM OF THE 4TH
Arizona Diamondbacks batting - Pitching for Philadelphia Phillies : RHP Matt Evans
Batting: SHB Salvador Aragon 0-0: Called Strike
0-1: Ball
1-1: SINGLE (Groundball, 6S, EV 76.9 MPH) (infield hit)
Batting: SHB Andrew Wray II 0-0: Fly out, F8 (Flyball, 78M, EV 96.2 MPH)
Batting: RHB Steve Bartman Jr. 0-0: Reached on error, E5 (Groundball, 56, EV 87.5 MPH)
Salvador Aragon to second
Batting: SHB Warren Eisner 0-0: Ball
1-0: Foul Ball, location: 2F
1-1: SINGLE (Line Drive, 4D, EV 102.5 MPH)
Salvador Aragon to third
Steve Bartman Jr. to second
Runner from 3rd tries for Home, SAFE, throw by CF to home
Batting: LHB Roy Steigerwald 0-0: Ball
1-0: Called Strike
1-1: Called Strike
1-2: Ball
2-2: Foul Ball, location: 2F
2-2: Ball
3-2: Fly out, F9 (Flyball, 9D, EV 88.8 MPH)
Runner from 2nd tags up, SAFE at 3rd, no throw by RF
Batting: RHB Katilimomi Kelekolio 0-0: Foul Ball, location: 2F
0-1: Swinging Strike
0-2: Foul Ball, location: 2F
0-2: Ball
1-2: Ball
2-2: Ball
3-2: Ground out 5-3 (Groundball, 5S, EV 67.5 MPH)
Bottom of the 4th over - 1 run, 2 hits, 1 error, 2 left on base; Philadelphia 3 - Arizona 3
TOP OF THE 5TH
Philadelphia Phillies batting - Pitching for Arizona Diamondbacks : RHP Miguel Martinez
Batting: LHB Jeff Luvisi 0-0: Called Strike
0-1: Swinging Strike
0-2: Ball
1-2: Strikes out looking
Batting: LHB Osamu Kubo 0-0: Foul Ball, location: 2F
0-1: Ball
1-1: Foul Ball, location: 2F
1-2: SINGLE (Groundball, 6MD, EV 99.4 MPH)
Batting: LHB Eric Katz 0-0: Foul Ball, location: 2F
0-1: Ball
1-1: Swinging Strike
1-2: Foul Ball, location: 2F
1-2: Strikes out swinging
Batting: LHB Xavier Pittman 0-0: Fielders Choice at 2nd, 5-4 (Groundball, 5, EV 86.2 MPH)
Top of the 5th over - 0 runs, 1 hit, 0 errors, 1 left on base; Philadelphia 3 - Arizona 3
BOTTOM OF THE 5TH
Arizona Diamondbacks batting - Pitching for Philadelphia Phillies : RHP Matt Evans
Batting: LHB Eric Klasek 0-0: Called Strike
0-1: Ball
1-1: Ball
2-1: Foul Ball, location: 2F
2-2: Ground out 5-3 (Groundball, 56, EV 91.2 MPH)
Batting: SHB Alec Thorpe 0-0: Ball
1-0: Fly out, F6 (Popup, 6MD, EV 56.9 MPH)
Batting: RHB Andy Swaim 0-0: Ground out 5-3 (Groundball, 56, EV 108.1 MPH)
Bottom of the 5th over - 0 runs, 0 hits, 0 errors, 0 left on base; Philadelphia 3 - Arizona 3
TOP OF THE 6TH
Philadelphia Phillies batting - Pitching for Arizona Diamondbacks : RHP Miguel Martinez
Batting: RHB Melchor Sovrivilla 0-0: Ball
1-0: Foul Ball, location: 2F
1-1: Ground out 1-3 (Groundball, 13S, EV 68.1 MPH)
Batting: LHB Nick Canizales 0-0: Ball
1-0: Ball
2-0: Ball
3-0: Base on Balls
Batting: LHB Jim Beaver 0-0: Ball
1-0: Fly out, F8 (Flyball, 8LD, EV 90.0 MPH)
Batting: SHB Billy Encinias 0-0: Called Strike
0-1: Foul Ball, location: 2F
0-2: Ball
1-2: Strikes out swinging
Top of the 6th over - 0 runs, 0 hits, 0 errors, 1 left on base; Philadelphia 3 - Arizona 3
BOTTOM OF THE 6TH
Arizona Diamondbacks batting - Pitching for Philadelphia Phillies : RHP Matt Evans
Batting: SHB Salvador Aragon 0-0: Ball
1-0: Swinging Strike
1-1: Foul Ball, location: 2F
1-2: Hit by Pitch
Batting: SHB Andrew Wray II 0-0: Called Strike
0-1: Ball
1-1: Called Strike
1-2: Fly out, F9 (Flyball, 9, EV 90.6 MPH)
Batting: RHB Steve Bartman Jr. 0-0: Ball
1-0: Ball
2-0: DOUBLE (Line Drive, 78XD, EV 103.8 MPH)
Salvador Aragon to third
Batting: SHB Warren Eisner 0-0: Foul Ball, location: 2F
0-1: Foul Ball, location: 2F
0-2: SINGLE (Line Drive, 7S, EV 99.4 MPH)
Salvador Aragon scores
Steve Bartman Jr. to third
Batting: LHB Roy Steigerwald 0-0: 3-RUN HOME RUN (Flyball, 9D, EV 94.4 MPH), Distance : 382 ft
Pitching: LHP Lennart Hjelm
Batting: RHB Katilimomi Kelekolio 0-0: Swinging Strike
0-1: Ball
1-1: Swinging Strike
1-2: Ball
2-2: Ball
3-2: Base on Balls
Batting: LHB Eric Klasek 0-0: Ball
1-0: Foul Ball, location: 2F
1-1: Called Strike
1-2: Foul Ball, location: 2F
1-2: Ball
2-2: Ball
3-2: Base on Balls
Katilimomi Kelekolio to second
Batting: SHB Alec Thorpe 0-0: Ball
1-0: Ball
2-0: Called Strike
2-1: Ball
3-1: Fly out, F6 (Popup, 6MD, EV 51.9 MPH)
Batting: RHB Andy Swaim 0-0: Ball
1-0: Called Strike
1-1: Swinging Strike
1-2: Ball
2-2: Ball
3-2: Foul Ball, location: 2F
3-2: Base on Balls
Katilimomi Kelekolio to third
Eric Klasek to second
Batting: SHB Salvador Aragon 0-0: Swinging Strike
0-1: Ball
1-1: Swinging Strike
1-2: Strikes out swinging
Bottom of the 6th over - 4 runs, 3 hits, 0 errors, 3 left on base; Philadelphia 3 - Arizona 7
TOP OF THE 7TH
Philadelphia Phillies batting - Pitching for Arizona Diamondbacks : RHP Miguel Martinez
Pitching: RHP Sean Hartgrove
Batting: RHB Josh Hensley 0-0: Foul Ball, location: 2F
0-1: Ball
1-1: Swinging Strike
1-2: Ball
2-2: Ground out 6-3 (Groundball, P, EV 89.4 MPH)
Batting: LHB Jeff Luvisi 0-0: Ball
1-0: Foul Ball, location: 2F
1-1: SINGLE (Line Drive, 6D, EV 98.1 MPH)
Batting: LHB Osamu Kubo 0-0: Called Strike
0-1: Ball
1-1: Foul Ball, location: 2F
1-2: Strikes out swinging
Batting: LHB Eric Katz 0-0: Called Strike
0-1: Swinging Strike
0-2: Ball
1-2: Foul Ball, location: 2F
1-2: Strikes out looking
Top of the 7th over - 0 runs, 1 hit, 0 errors, 1 left on base; Philadelphia 3 - Arizona 7
BOTTOM OF THE 7TH
Arizona Diamondbacks batting - Pitching for Philadelphia Phillies : LHP Lennart Hjelm
Batting: SHB Andrew Wray II 0-0: Ball
1-0: Ball
2-0: Called Strike
2-1: Ball
3-1: Fly out, F7 (Flyball, 7, EV 91.9 MPH)
Batting: RHB Steve Bartman Jr. 0-0: Ball
1-0: Ball
2-0: Called Strike
2-1: SINGLE (Line Drive, 4MD, EV 106.9 MPH)
Batting: SHB Warren Eisner 0-0: DOUBLE (Line Drive, 3D, EV 97.5 MPH)
Steve Bartman Jr. to third
Batting: LHB Roy Steigerwald 0-0: Ball
1-0: Ball
2-0: Called Strike
2-1: Foul Ball, location: 2F
2-2: Foul Ball, location: 2F
2-2: Ball
3-2: Base on Balls
Pitching: LHP John Murray
Batting: RHB Katilimomi Kelekolio 0-0: Ball
1-0: SINGLE (Flyball, 4D, EV 86.2 MPH)
Steve Bartman Jr. scores
Warren Eisner to third
Roy Steigerwald to second
Batting: LHB Eric Klasek 0-0: Ball
1-0: SINGLE (Flyball, 4MD, EV 88.1 MPH)
Warren Eisner scores
Roy Steigerwald to third
Katilimomi Kelekolio to second
Batting: SHB Alec Thorpe 0-0: Ball
1-0: Called Strike
1-1: Foul Ball, location: 2F
1-2: Foul Ball, location: 2F
1-2: Fly out, F9 (Flyball, 89M, EV 86.2 MPH)
Runner from 3rd tags up, SCORES, throw by RF
Batting: RHB Andy Swaim 0-0: Ball
1-0: Ball
2-0: Ball
3-0: Called Strike
3-1: Foul Ball, location: 2F
3-2: Ground out 5-3 (Groundball, 56, EV 100.0 MPH)
Bottom of the 7th over - 3 runs, 4 hits, 0 errors, 2 left on base; Philadelphia 3 - Arizona 10
TOP OF THE 8TH
Philadelphia Phillies batting - Pitching for Arizona Diamondbacks : RHP Sean Hartgrove
Batting: LHB Xavier Pittman 0-0: Called Strike
0-1: Swinging Strike
0-2: SINGLE (Flyball, 8RS, EV 95.0 MPH)
Batting: LHB Ryan Trombley 0-0: Ball
1-0: Called Strike
1-1: Ball
2-1: Ground out 4-3 (Groundball, 4S, EV 61.9 MPH)
Xavier Pittman to second
Batting: LHB Nick Canizales 0-0: Called Strike
0-1: Ball
1-1: Ball
2-1: Fly out, F9 (Flyball, 89S, EV 86.9 MPH)
Batting: LHB Jim Beaver 0-0: Ball
1-0: Ground out U3 (Groundball, 3L, EV 82.5 MPH)
Top of the 8th over - 0 runs, 1 hit, 0 errors, 1 left on base; Philadelphia 3 - Arizona 10
BOTTOM OF THE 8TH
Arizona Diamondbacks batting - Pitching for Philadelphia Phillies : LHP John Murray
Batting: SHB Salvador Aragon 0-0: Foul Ball, location: 2F
0-1: Fly out, F6 (Popup, P, EV 79.4 MPH)
Batting: SHB Andrew Wray II 0-0: Ball
1-0: Ball
2-0: Ball
3-0: Called Strike
3-1: SINGLE (Line Drive, 7S, EV 96.9 MPH)
Batting: RHB Steve Bartman Jr. 0-0: Called Strike
0-1: Foul Ball, location: 2F
0-2: Ball
1-2: SINGLE (Groundball, 34D, EV 106.2 MPH)
Andrew Wray II to second
Runner from 2nd tries for 3rd, SAFE, throw by RF made to third
Steve Bartman Jr. to second
Batting: SHB Warren Eisner 0-0: Foul Ball, location: 2F
0-1: Ball
1-1: Foul Ball, location: 2F
1-2: Ball
2-2: Foul Ball, location: 2F
2-2: Fly out, F8 (Line Drive, 8LD, EV 90.0 MPH)
Runner from 3rd tags up, SCORES, no throw by CF
Batting: LHB Roy Steigerwald 0-0: Foul Ball, location: 2F
0-1: Ball
1-1: Swinging Strike
1-2: Ground out U3 (Groundball, 34, EV 93.1 MPH)
Bottom of the 8th over - 1 run, 2 hits, 0 errors, 1 left on base; Philadelphia 3 - Arizona 11
TOP OF THE 9TH
Philadelphia Phillies batting - Pitching for Arizona Diamondbacks : RHP Sean Hartgrove
Batting: SHB Billy Encinias 0-0: Called Strike
0-1: Ground out 5-3 (Groundball, 56, EV 81.9 MPH)
Pinch Hitting: LHB Mike Davis 0-0: Ball
1-0: Fly out, F9 (Flyball, 9, EV 92.5 MPH)
Batting: LHB Jeff Luvisi 0-0: Ball
1-0: Ball
2-0: Called Strike
2-1: Called Strike
2-2: Strikes out swinging
Top of the 9th over - 0 runs, 0 hits, 0 errors, 0 left on base; Philadelphia 3 - Arizona 11
Tuesday, September 13th , 2022 - OOTP Baseball 23.7 Build 88